 Dungeon Sprint DCSS version 0.31-a0-664-g902f515a81 (webtiles) character file.

Game seed: 2737172965205808784

60 rocky1 the Ducker (level 4, -7/35 HPs)
             Began as a Djinni Gladiator on Sept 3, 2023.
             Was an Initiate of Gozag.
             Mangled by a gargoyle
             ... wielding a +0 dire flail
              (19 damage)
             ... in the Dungeon (Sprint IX: "|||||||||||||||||||||||||||||").
             The game lasted 00:01:41 (418 turns).

rocky1 the Ducker (Djinni Gladiator)                 Turns: 418, Time: 00:01:42

Health: -7/35      AC: 12    Str: 16    XL:     4   Next: 24%
Gold:   0          EV: 10    Int: 10    God:    Gozag SH:  0 Dex: 19

rFire   + + .        m - +2 scimitar (flame)
rCold   x . .        (no shield)
rNeg    . . .        p - +1 chain mail
rPois   ∞            c - +0 helmet
rElec   .            o - +0 cloak
rCorr   .            n - +0 pair of gloves
SInv    .            (boots unavailable)
Will    .....        (no amulet) Stlth
                     r - +3 ring of dexterity
HPRegen 0.25/turn    q - +3 ring of strength
MPRegen 0.00/turn

%: no teleportation, infuse magic (-8 HP)
@: gold aura, flying, invisible
A: sickness immunity, fire resistance 2, cold vulnerability 1, float, innate
caster, HP casting, extra vitality 1
a: Renounce Religion, Potion Petition, Call Merchant, Bribe Branch


You were in the Dungeon.
You worshipped Gozag.
Gozag was noncommittal.
You visited 1 branch

Inventory:

Hand Weapons
 a - a +0 long sword
 m - a +2 scimitar of flaming (weapon)
Missiles
 d - 3 throwing nets (quivered)
 e - a javelin
Armour
 b - a +0 leather armour
 c - a +0 helmet (worn)
 n - a +0 pair of gloves (worn)
 o - a +0 cloak (worn)
 p - a +1 chain mail (worn)
Jewellery
 q - a +3 ring of strength (right hand)
 r - a +3 ring of dexterity (left hand)
Wands
 l - a wand of acid (10)
Scrolls
 j - 2 scrolls of blinking
Potions
 g - 3 potions of heal wounds
 h - a potion of haste
 i - a potion of berserk rage
 k - 4 potions of curing


   Skills:
 * Level 3.2 Fighting
 * Level 5.1 Long Blades
 - Level 2.2 Throwing
 + Level 1.4 Armour
 + Level 5.7 Dodging


You knew the following spells:

 Your Spells              Type           Power      Damage    Failure   Level
a - Necrotise             Necr           0%         1d4       99%         1
Your spell library was empty.

Dungeon Overview and Level Annotations

Branches:
Dungeon (1/1)

Altars:
Cheibriados
Dithmenos
Elyvilon
Fedhas
Gozag
Hepliaklqana
Makhleb
Nemelex Xobeh
Okawaru
Qazlal
Ru
Trog
Uskayaw
Wu Jian
Xom
Yredelemnul
Zin
The Shining One
Jiyva
Lugonu


Innate Abilities, Weirdness & Mutations

You are immune to sickness and miasma.
You are immune to poison.
Your flesh is very heat resistant. (rF++)
You are vulnerable to cold. (rC-)
You float through the air rather than walking.
You learn spells naturally, not from books.
Your magical power is your life essence.
You have superior vitality. (+4 MHP)


Message History

The orc wizard is distracted by your dazzling golden aura.
Your Long Blades skill increases to level 5!
You have reached level 4!
You feel clever.
You strike the helpless gargoyle from behind!
You hit the gargoyle but do no damage.
The killer bee is distracted by your dazzling golden aura.
The gargoyle hurls a stone arrow at you.
The stone arrow hits you!
The orc wizard shouts!
The killer bee buzzes angrily.
You hit the gargoyle but do no damage.
The gargoyle is distracted by your dazzling golden aura.
You hit the gargoyle but do no damage.
The gargoyle is no longer distracted by gold.
The orc wizard is no longer distracted by gold.
The gargoyle is distracted by your dazzling golden aura.
You catch the helpless gargoyle completely off-guard!
You hit the gargoyle. You burn the gargoyle.
The gargoyle is no longer distracted by gold.
The gargoyle is moderately damaged.
You closely miss the gargoyle.
The gargoyle is moderately damaged.
The killer bee is no longer distracted by gold.
The gargoyle closely misses you.
You hit the gargoyle but do no damage.
The gargoyle is moderately damaged.
The orc wizard casts a spell at you.
The gargoyle easily resists.
The gargoyle hits you with a +0 dire flail!
You hit the gargoyle. You burn the gargoyle.
The gargoyle is heavily damaged.
The killer bee is distracted by your dazzling golden aura.
The gargoyle hurls a stone arrow at you.
The stone arrow misses you.
The orc wizard points at the gargoyle and mumbles some strange words.
The puff of flame hits the gargoyle!
The gargoyle hits you with a +0 dire flail!!
Ouch! That really hurt!
You die...
Your body crumbles into a pile of gold.

▓!▓
▓?▓
▓)▓
▓.▓
▓.▓
▓.▓
▓.▓
▓.▓
▓@▓
▓9▓
▓o▓
▓o▓
▓y▓
▓l▓
▓.▓
▓.▓


You could see a wyvern (unable to see you), a gargoyle (unable to see you), a
killer bee (unaware, unable to see you) and 2 orc wizards.

Vanquished Creatures
  An orc wizard (D)
  A dart slug (D)
  3 orcs (D)
  A goblin (D)
  2 hobgoblins (D)
  A frilled lizard (D)
  A rat (D)
10 creatures vanquished.

Vanquished Creatures (others)
  A gnoll bouda (D)
1 creature vanquished.

Grand Total: 11 creatures vanquished

Notes
Turn   | Place    | Note
-------+----------+-------------------------------------------
     0 | D        | rocky1 the Djinni Gladiator began the quest for the Orb.
     0 | D        | Reached XP level 1. HP: 18/18 MP: 0/0
    35 | D        | Noticed an orc wizard
    39 | D        | Reached XP level 2. HP: 23/23 MP: 0/0
    61 | D        | Reached skill level 5 in Dodging
    61 | D        | Reached XP level 3. HP: 8/29 MP: 0/0
    61 | D        | Learned a level 1 spell: Necrotise
    71 | D        | Reached skill level 1 in Armour
   336 | D        | Found a snail-covered altar of Cheibriados.
   336 | D        | Found a shadowy altar of Dithmenos.
   336 | D        | Found a white marble altar of Elyvilon.
   336 | D        | Found a blossoming altar of Fedhas.
   336 | D        | Found an opulent altar of Gozag.
   337 | D        | Found a hazy altar of Hepliaklqana.
   338 | D        | Found a viscous altar of Jiyva.
   340 | D        | Found a corrupted altar of Lugonu.
   341 | D        | Found a burning altar of Makhleb.
   342 | D        | Found a sparkling altar of Nemelex Xobeh.
   343 | D        | Found an iron altar of Okawaru.
   344 | D        | Became a worshipper of Gozag Ym Sagoz the Greedy
   345 | D        | Found a stormy altar of Qazlal.
   346 | D        | Found a sacrificial altar of Ru.
   348 | D        | Found a bloodstained altar of Trog.
   349 | D        | Found a hide-covered altar of Uskayaw.
   351 | D        | Found an ornate altar of the Wu Jian Council.
   352 | D        | Found a shimmering altar of Xom.
   353 | D        | Found a basalt altar of Yredelemnul.
   354 | D        | Found a glowing silver altar of Zin.
   355 | D        | Found a glowing golden altar of the Shining One.
   408 | D        | Noticed a gargoyle
   408 | D        | Noticed a killer bee
   408 | D        | Noticed a wyvern
   412 | D        | Reached skill level 5 in Long Blades
   412 | D        | Reached XP level 4. HP: 35/35 MP: 0/0
   418 | D        | Mangled by a gargoyle

Illustrated notes

Levels and vault maps discovered:
D:        linesprint [early_d, line_temple, items_1, d_10, items_2, lair_1,
          lair_end, items_3, orc_1, orc_end, items_4, d_15, swamp_1, shoals_1,
          snake_1, spider_1, d_20, vaults_1, items_5, swamp_end, shoals_end,
          snake_end, spider_end, vaults_end, d_27, items_6, zot_1, zot_end,
          crypt_end, forest_end, elf_end, slime_end, tomb_end, abyss_end,
          pan_hell_end]

Skill      XL: |  1  2  3 |
---------------+----------+-----
Long Blades    | 3 4 5 |  5.1
Dodging        | 4 5 |  5.7
Throwing       | 2 |  2.2
Fighting       | 3 |  3.2
Armour         | 1 |  1.4

Action                     |  1- 3 |  4- 6 || total
---------------------------+-------+-------++-------
  Melee: Long sword        |    40 |       ||    40
         Scimitar          |     2 |     7 ||     9
    Use: Potion            |     2 |       ||     2
   Stab: Invisible         |       |     2 ||     2
 Armour: Leather armour    |    28 |       ||    28
         Chain mail        |       |     3 ||     3
  Dodge: Dodged            |    20 |     2 ||    22

Table legend: (Time is in decaauts)
 A = Elapsed time spent in this place.
 B = Non-inter-level travel time spent in this place.
 C = Inter-level travel time spent in this place.
 D = Time resting spent in this place.
 E = Time spent auto-exploring this place.
 F = Levels seen in this place.
 G = Mean time per level.
                   A        B        C        D        E       F      G
               +--------+--------+--------+--------+--------+-----+--------+
         Total |    426 |    426 |      0 |    269 |      0 |   1 |  426.0 |
       Dungeon |    426 |    426 |      0 |    269 |      0 |   1 |  426.0 |
               +--------+--------+--------+--------+--------+-----+--------+

Top non-repeatable levels by time:
       D: 426 daAuts
